 Dungeon Crawl Stone Soup version 0.26.0-45-g9c1d065592 (webtiles) character file.

Game seed: 16392865317851334684

(classic levelgen) 47 thiole the Stinger (level 3, -7/24 HPs)
             Began as an Octopode Venom Mage on Jan 30, 2021.
             Killed from afar by Sigmund (9 damage)
             ... with a puff of flame
             ... on level 2 of the Dungeon.
             The game lasted 00:02:29 (1547 turns).

thiole the Stinger (Octopode Venom Mage)            Turns: 1547, Time: 00:02:30

Health: -7/24      AC:  3    Str:  7    XL:     3   Next: 70%
Magic:  1/6        EV: 13    Int: 18    God:
Gold:   93         SH:  0    Dex: 12    Spells: 5/6 levels left

rFire    . . .     SeeInvis .   (no weapon)
rCold    . . .     Faith    .   (no shield)
rNeg     . . .     Spirit   .   (helmet restricted)
rPois    .         Reflect  .   (no amulet)
rElec    .         Harm     .   (no ring)
rCorr    .         Rampage  .   (no ring)
Will     .....     Rnd*Tele +   (no ring)
Stlth    ++........             (no ring)
HPRegen  0.08/turn              (no ring)
MPRegen  0.10/turn              (no ring)
                                (no ring)
                                (no ring)

@: confused, brilliant, attractive, flying
A: almost no armour, stealthy swim, amphibious, 8 rings, constrict 8, slimy
green scales 1, camouflage 1, teleportitis 1, gelatinous body 1
a: no special abilities


You were on level 2 of the Dungeon.
You visited 1 branch of the dungeon, and saw 2 of its levels.

You collected 93 gold pieces.

Inventory:

Missiles
 k - 22 stones
Jewellery
 m - a cursed ring of protection from cold {unknown}
Scrolls
 f - a scroll of remove curse {unknown}
 g - a scroll of fog {unknown}
 h - a scroll of amnesia {unknown}
 l - a scroll of enchant armour {unknown}
 n - a scroll of immolation {unknown}
Potions
 a - a potion of brilliance
 i - a potion of lignification {unknown}
 j - a potion of berserk rage {unknown}
 o - a potion of haste {unknown}


   Skills:
 - Level 2.0 Fighting
 - Level 2.0 Dodging
 - Level 2.6 Stealth
 - Level 2.0 Spellcasting
 + Level 1.2 Conjurations
 - Level 1.0 Transmutations
 + Level 1.2 Air Magic
 - Level 4.0 Poison Magic


You had 5 spell levels left.
You knew the following spells:

 Your Spells              Type           Power        Failure   Level
a - Sting                 Tmut/Pois      64%          6%          1

Your spell library contained the following spells:

 Spells                   Type           Power        Failure   Level
 Poisonous Vapours        Pois/Air       32%          10%         2
 Mephitic Cloud           Conj/Pois/Air  14%          22%         3
 Ignite Poison            Fire/Tmut/Pois 11%          26%         3
 Olgreb's Toxic Radiance  Pois           24%          34%         4


Dungeon Overview and Level Annotations

Branches:
Dungeon (2/15)

Altars:
Vehumet

Annotations:
D:2 Sigmund


Innate Abilities, Weirdness & Mutations

You cannot wear most types of armour.
You are very stealthy in the water. (Stealth+)
You are amphibious.
You can wear up to eight rings at the same time.
You can use your tentacles to constrict eight enemies at once.
Your skin changes colour to match your surroundings (Stealth+).
Your rubbery body absorbs attacks. (AC +1, EV +1)
You are partially covered in slimy green scales. (AC +2)
You are occasionally teleported next to monsters.


Message History

Slimy green scales grow over part of your body.
Sigmund casts a spell at you.
You are confused.
It was a potion of attraction.
You feel attractive to monsters. Sigmund is pulled toward you!
The frilled lizard is pulled toward you!
You're too confused to cast spells.
Unknown command.
Sigmund hits you from afar with a +0 scythe!
* * * LOW HITPOINT WARNING * * *
Sigmund is pulled toward you!
The frilled lizard is pulled toward you!
You're too confused to cast spells.
Unknown command.
You're too confused to cast spells.
You're too confused to cast spells.
Sigmund casts a spell at you. The puff of flame hits you!
You die...

### #.# #.#####.#
##..@l..# #.####### #.#
#l# #@# #.# #@#
############ #.#
#........... #.#
##.###.###### #.#
#............
#######.####..####....>.
.......<......# #.#####
#######.#####.# #.# #.#
#.# #.# #.# #.# #.#


You could see Sigmund (poisoned) and a frilled lizard.

Vanquished Creatures
  3 dart slugs
  2 leopard geckos
  2 ball pythons
  3 bats
  2 giant cockroaches (D:1)
  4 hobgoblins (D:1)
  6 jackals (D:2)
  3 kobolds (D:1)
  2 frilled lizards (D:1)
  3 goblins (D:1)
  7 rats
37 creatures vanquished.

Notes
Turn   | Place    | Note
-------+----------+-------------------------------------------
     0 | D:1      | thiole the Octopode Venom Mage began the quest for the Orb.
     0 | D:1      | Reached XP level 1. HP: 11/11 MP: 3/3
   229 | D:1      | Reached skill level 4 in Poison Magic
   233 | D:1      | Reached XP level 2. HP: 18/18 MP: 0/5
   238 | D:1      | Reached skill level 1 in Fighting
   794 | D:1      | Reached XP level 3. HP: 22/24 MP: 4/6
  1231 | D:2      | Found a radiant altar of Vehumet.
  1256 | D:2      | Reached skill level 1 in Conjurations
  1258 | D:2      | Reached skill level 1 in Air Magic
  1524 | D:2      | Noticed Sigmund
  1544 | D:2      | Gained mutation: You are occasionally teleported next to
                  | monsters. [potion of mutation]
  1544 | D:2      | Gained mutation: You are partially covered in slimy green
                  | scales. (AC +2) [potion of mutation]
  1547 | D:2      | Killed from afar by Sigmund

Illustrated notes

Levels and vault maps discovered:
D:1:      minmay_arrival_arboretum_small, layout_rooms, minmay_misc_feat_plants,
          minmay_tromino_v4_c
D:2:      layout_loops_ring, marbit_many_paths, lemuel_doored_altar,
          nicolae_underground_beach, uniq_sigmund

Skill      XL: |  1  2  3 |
---------------+----------+-----
Poison Magic   | 4 |  4.0
Fighting       | 2 |  2.0
Conjurations   | 1 |  1.2
Air Magic      | 1 |  1.2
Dodging        | |  2.0
Stealth        | |  2.6
Spellcasting   | |  2.0
Transmutations | |  1.0

Action                   || total
-------------------------++-------
Melee: Unarmed           ||    42
       Constrict         ||    10
       Tentacles         ||     8
 Cast: Sting             ||    60
  Use: Potion            ||     5
Armor: Skin              ||     4
Dodge: Dodged            ||    50
